 Dungeon Crawl Stone Soup version 0.31.0-32-g396128a36d (webtiles) character file.

Game seed: 9193237249463580791

941 bnorton916 the Magician (level 7, -5/36 HPs)
             Began as a Deep Elf Fire Elementalist on Apr 9, 2024.
             Was a Follower of Vehumet.
             Slain by an iguana (7 damage)
             ... on level 5 of the Dungeon.
             The game lasted 00:07:20 (5825 turns).

bnorton916 the Magician (DEFE)                      Turns: 5825, Time: 00:07:21

Health: -5/36      AC:  6    Str:  5    XL:     7   Next: 88%
Magic:  14/19      EV: 12    Int: 22    God:    Vehumet [*.....]
Gold:   240        SH:  0    Dex: 15    Spells: 13/19 levels left

rFire   . . .        a - staff "Utiego" {rC+ Will+++ SInv Stlth- Summ Ice}
rCold   + . .        (no shield)
rNeg    . . .        m - +2 robe
rPois   .            n - +0 helmet
rElec   .            (no cloak)
rCorr   .            w - +0 pair of gloves
SInv    +            (no boots)
Will    ++++.        (no amulet)
Stlth   ++           g - ring of see invisible
HPRegen 0.26/turn    c - ring of willpower
MPRegen 0.16/turn

%: no passive effects
@: no status effects
A: no striking features
a: Renounce Religion


You were on level 5 of the Dungeon.
You worshipped Vehumet.
Vehumet was aware of your devotion.
You visited 1 branch of the dungeon, and saw 5 of its levels.

You collected 240 gold pieces.

Inventory:

Hand Weapons
 r - a +0 hand axe of freezing
 D - a +3 whip
Missiles
 s - 3 boomerangs
Armour
 m - a +2 robe (worn)
 n - a +0 helmet (worn)
 w - a +0 pair of gloves (worn)
Magical Staves
 a - the staff "Utiego" (weapon) {rC+ Will+++ SInv Stlth- Summ Ice}
   (You found it on level 2 of the Dungeon)

   [staff of cold]

   Base accuracy: +5 Base damage: 5 Base attack delay: 1.2 This weapon's minimum
   attack delay (0.6) is reached at skill level 12.
   rC+:       It protects you from cold.
   Will+++:   It greatly increases your willpower.
   SInv:      It lets you see invisible.
   Stlth-:    It makes you less stealthy.
   Summ:      It increases the power of your Summonings spells.
   Ice:       It increases the power of your Ice spells.
   It falls into the 'Staves' category.
   It is a one-handed weapon.
Jewellery
 c - a ring of willpower (right hand)
 g - a ring of see invisible (left hand)
 v - a ring of resist corrosion
Wands
 p - a wand of polymorph (6)
 u - a wand of flame (27)
 B - a wand of paralysis (8)
Scrolls
 d - a scroll of torment {unknown}
 e - 3 scrolls of silence {unknown}
 h - a scroll of immolation {unknown}
 j - 11 scrolls of identify {unknown}
 l - a scroll of fog {unknown}
 y - a scroll of vulnerability {unknown}
 z - a scroll of teleportation {unknown}
 A - a scroll of acquirement {unknown}
 C - a scroll of brand weapon {unknown}
Potions
 b - a potion of magic
 f - a potion of resistance {unknown}
 i - a potion of might {unknown}
 k - a potion of curing {unknown}
 o - 3 potions of enlightenment {unknown}
 q - a potion of degeneration {unknown}
 t - a potion of heal wounds {unknown}
 x - a potion of brilliance {unknown}


   Skills:
 - Level 2.4 Dodging
 - Level 5.0 Stealth
 + Level 6.9 Spellcasting
 + Level 5.0 Conjurations
 + Level 1.0 Summonings
 + Level 6.1 Fire Magic
 + Level 1.2 Ice Magic


You had 13 spell levels left.
You knew the following spells:

 Your Spells              Type           Power      Damage    Failure   Level
a - Foxfire               Conj/Fire      100%       2x1d9     1%          1
b - Scorch                Fire           68%        2d7       1%          2
c - Summon Ice Beast      Ice/Summ       28%        N/A       16%         3

Your spell library contained the following spells:

 Spells                   Type           Power      Damage    Failure   Level
 Sting                    Conj/Alch      72%        1d7       3%          1
 Inner Flame              Hex/Fire       21%        N/A       7%          3
 Volatile Blastmotes      Fire/Tloc      42%        2d13      7%          3
 Flame Wave               Conj/Fire      32%        2d9       9%          4
 Summon Mana Viper        Hex/Summ       15%        N/A       88%         5
 Monstrous Menagerie      Summ           9%         N/A       100%        7


Dungeon Overview and Level Annotations

Branches:
Dungeon (5/15)
 Temple: D:4-7

Altars:
Cheibriados
Elyvilon
Qazlal
Vehumet
Zin
The Shining One

Annotations:
D:2 1 runed translucent door, Crazy Yiuf


Message History

The iguana bites you. The iguana bites you!
Unknown command.
The ice beast is no longer more vulnerable to fire.
The iguana attacks as it pursues you! The iguana closely misses you.
Casting: Scorch (safe; 1% risk of failure)
Confirm with . or Enter, or press ? or * to list all spells.
Flames lash the iguana.
The iguana is severely wounded.
The iguana's fire resistance burns away.
The iguana bites you. The iguana bites you!
* * * LOW HITPOINT WARNING * * *
Unknown command.
Casting: Scorch (safe; 1% risk of failure)
Confirm with . or Enter, or press ? or * to list all spells.
Flames lash the ice beast.
The ice beast is heavily wounded.
The ice beast's fire resistance burns away.
The iguana barely misses you. The iguana barely misses you.
Unknown command.
Casting: Scorch (safe; 1% risk of failure)
Confirm with . or Enter, or press ? or * to list all spells.
You conjure some foxfire!
The ice beast is no longer more vulnerable to fire.
The iguana bites you.
* * * LOW HITPOINT WARNING * * *
The foxfire hits the iguana.
The iguana is burned terribly!
The iguana is almost dead.
The foxfire hits the iguana but does no damage.
The iguana is almost dead.
The iguana misses you.
Unknown command.
Casting: Foxfire (safe; 1% risk of failure)
Confirm with . or Enter, or press ? or * to list all spells.
You conjure some foxfire!
The iguana is no longer more vulnerable to fire.
The iguana bites you!
You die...

#.####....#.#
#.....)....^. #.
#.....###.......# #.
..#.# #.......# #. ..
#.......# #. #
#####....#... #. ###
#...........> #.
#v####.##########.
#.#############@v....#
#.
#.............#l######
#. #############.#Y#
#. #.#.# #. #.#.# #.
#.#.# #. #.#.# #.
#.#.# #. #.#.# #.


You could see an ice beast and an iguana (ally target).

Vanquished Creatures
  A water moccasin (D:5)
  An ice beast (D:4)
  A black bear (D:5)
  An ogre (D:5)
  A phantom (D:5)
  A bombardier beetle (D:5)
  3 hounds
  3 orc priests (D:3)
  Jessica (D:2)
  2 iguanas
  An orc wizard (D:5)
  Robin (D:2)
  7 adders
  An ufetubus (D:5)
  3 ribbon worms
  15 orcs
  2 bats
  6 endoplasms
  A giant cockroach (D:1)
  11 goblins
  8 hobgoblins
  4 jackals (D:1)
  9 kobolds
  4 quokkas
  9 ball pythons
  5 frilled lizards
  4 rats
106 creatures vanquished.

Vanquished Creatures (others)
  A quokka (D:5)
  429 foxfires
430 creatures vanquished.

Grand Total: 536 creatures vanquished

Notes
Turn   | Place    | Note
-------+----------+-------------------------------------------
     0 | D:1      | bnorton916 the Deep Elf Fire Elementalist began the quest
                  | for the Orb.
     0 | D:1      | Reached XP level 1. HP: 10/10 MP: 6/6
   108 | D:1      | Found a faded altar of an unknown god.
   376 | D:1      | Reached XP level 2. HP: 15/15 MP: 5/8
  1182 | D:2      | Reached XP level 3. HP: 19/19 MP: 8/10
  1217 | D:2      | Noticed Jessica
  1225 | D:2      | Learned a level 2 spell: Scorch
  1238 | D:2      | Killed Jessica
  1456 | D:2      | Reached XP level 4. HP: 24/24 MP: 7/12
  1495 | D:2      | Identified the staff "Utiego" {rC+ Will+++ SInv Stlth- Summ
                  | Ice}
  1543 | D:2      | Noticed Robin
  1555 | D:2      | Killed Robin
  1909 | D:2      | Found a runed translucent door.
  1910 | D:2      | Noticed Crazy Yiuf
  2702 | D:3      | Reached XP level 5. HP: 16/28 MP: 7/14
  2825 | D:3      | Reached skill level 5 in Spellcasting
  3206 | D:3      | Found a radiant altar of Vehumet.
  3210 | D:3      | Found a snail-covered altar of Cheibriados.
  3221 | D:3      | Became a worshipper of Vehumet
  3828 | D:4      | Found a stormy altar of Qazlal.
  3847 | D:4      | Reached XP level 6. HP: 32/32 MP: 11/16
  3909 | D:4      | Reached skill level 5 in Fire Magic
  4070 | D:4      | Noticed an ice beast
  4087 | D:4      | Killed an ice beast
  4624 | D:5      | Entered Level 5 of the Dungeon
  4630 | D:5      | Found a white marble altar of Elyvilon.
  4833 | D:5      | Reached XP level 7. HP: 36/36 MP: 14/18
  4860 | D:5      | Reached * piety under Vehumet
  4860 | D:5      | Offered knowledge of Sting by Vehumet.
  5245 | D:5      | Found a glowing silver altar of Zin.
  5421 | D:5      | Learned a level 3 spell: Summon Ice Beast
  5433 | D:5      | Reached skill level 5 in Stealth
  5491 | D:5      | Found a glowing golden altar of the Shining One.
  5689 | D:5      | Reached skill level 5 in Conjurations
  5689 | D:5      | Reached skill level 1 in Summonings
  5689 | D:5      | Reached skill level 1 in Ice Magic
  5825 | D:5      | Slain by an iguana

Illustrated notes

Levels and vault maps discovered:
D:1:      scummos_arrival_forest, layout_rooms,
          dreamdust_ecumenical_altar_angels_and_demons
D:2:      layout_loops_corners, uniq_crazy_yiuf_cottage, uniq_robin,
          uniq_jessica
D:3:      layout_loops_cross, vehumet_altar_wand_db, cheibriados_altar_1,
          st_stairs_11
D:4:      layout_basic, mainiacjoe_overflow_catwalk, lemuel_flame_loot_1
D:5:      minmay_spotlight, layout_basic, tso_metal_star, zin_treasury,
          elyvilon_altar_4

Skill      XL: |  1  2  3  4  5  6  7 |
---------------+----------------------+-----
Conjurations   | 2 3 4 5 |  5.0
Spellcasting   | 4 5 6 |  6.9
Fire Magic     | 4 5 6 |  6.1
Stealth        | 3 4 5 |  5.0
Summonings     | 1 |  1.0
Ice Magic      | 1 |  1.2
Dodging        | |  2.4

Action                     |  1- 3 |  4- 6 |  7- 9 || total
---------------------------+-------+-------+-------++-------
   Cast: Foxfire           |    80 |   143 |    37 ||   260
         Scorch            |       |    11 |    11 ||    22
 Armour: Robe              |    15 |    16 |    26 ||    57
  Dodge: Dodged            |    16 |    10 |    15 ||    41
